[Event "Titled Tuesday Blitz August 08 Late 2023"]
[White "elcala"]
[Black "Burke, Paul"]
[BlackFideId "2605767"]
[WhiteElo "1724"]
[BlackElo "1866"]
[Result "0-1"]
[Round "11"]
[TimeControl "180+1"]
[Date "2023.08.08"]
[WhiteClock "0:00:00"]
[BlackClock "0:00:49"]
[Board "105"]

1. d4 a6 2. Nf3 d6 3. Bf4 g6 4. e3 h6 5. h3 Bg7 6. Bd3 Nd7 7. c3 e5 8. dxe5 dxe5 9. Bh2 Ne7 10. Nbd2 O-O 11. O-O Kh7 12. Bb1 f5 13. Qb3 e4 14. Nd4 Ne5 15. Nc4 Nd3 16. Bxd3 exd3 17. Rfd1 b5 18. Na3 c5 19. Ne6 Bxe6 20. Qxe6 c4 21. Bc7 Qe8 22. Bd6 Rf7 23. Bxe7 Rxe7 24. Qd5 Rd8 25. Qf3 Qf7 26. Rd2 g5 27. Rad1 Rde8 28. Nb1 f4 29. Kf1 fxe3 30. Qxf7 Rxf7 0-1